Map: Automaton LE

Players

Geralt (Gerald)

  • Race: Protoss Protoss
  • League: Grandmaster
  • Spawn Location: 3:00

Lambo - Winner!

  • Race: Zerg Zerg
  • League: Grandmaster
  • Spawn Location: 9:00

VOD

Have the link to the VOD?

Description

Time

  • Played on: Jan. 10, 2019, 3:33 p.m.
  • Length: 4:52
Show
View Real Time Build Order
Export as new Build Order

Geralt Protoss 

Build Orders: 1 Gate Expand, Oracle Opening 

Get SALT Encoding   

  12  0:00  Probe  
  13  0:12  Probe  
  14  0:19  Pylon  
  14  0:25  Probe  
  15  0:30  Assimilator  
  15  0:34  Probe  
  15  0:42  Probe  
  17  0:52  Probe, Gateway  
  19  1:04  Probe  
  19  1:16  Probe  
  20  1:28  Nexus  
  20  1:31  Probe  
  21  1:41  Cybernetics Core  
  21  1:45  Probe  
  22  1:50  Assimilator  
  22  1:58  Pylon  
  22  2:00  Probe  
  23  2:09  Adept  
  23  2:16  Probe  
  26  2:24  Stargate  
  26  2:27  Adept  
  26  2:29  Probe  
  29  2:40  Probe  
  29  2:44  Probe  
  31  2:52  Probe  
  31  2:56  Probe  
  33  3:00  Adept  
  33  3:04  Probe  
  33  3:05  Oracle, Shield Battery  
  36  3:08  Probe  
  37  3:16  Probe  
  41  3:20  Probe  
  42  3:28  Gateway  
  42  3:30  Gateway  
  42  3:38  Gateway  
  42  3:45  Oracle  
  41  3:53  Probe  
  42  4:07  Gateway  
  42  4:09  Probe x2  
  44  4:13  Gateway, Pylon  
  44  4:18  Pylon  
  44  4:19  Gateway  
  44  4:24  Pylon  
  47  4:33  Pylon  
  47  4:34  Pylon  
Show
View Real Time Build Order
Export as new Build Order

Lambo Zerg - Winner!

Build Orders: Hatch First 

Get SALT Encoding   

  12  0:00  Drone  
  13  0:12  Overlord  
  13  0:18  Drone  
  14  0:30  Drone x2  
  16  0:38  Drone  
  17  0:52  Hatchery  
  16  0:57  Drone  
  16  1:00  Extractor  
  16  1:01  Drone  
  17  1:08  Drone  
  18  1:20  Spawning Pool  
  18  1:22  Drone  
  18  1:30  Drone  
  19  1:44  Overlord  
  19  2:07  Zergling x2  
  19  2:08  Queen x2  
  24  2:09  Zergling x2  
  24  2:10  Zergling x2  
  24  2:13  Metabolic Boost  
  24  2:14  Zergling x2  
  27  2:21  Zergling x2  
  28  2:28  Zergling x2  
  29  2:33  Zergling x2  
  30  2:41  Hatchery  
  29  2:46  Zergling x2  
  29  2:47  Zergling x2  
  29  2:50  Overlord  
  31  2:55  Zergling x2  
  32  3:01  Zergling x2  
  33  3:09  Zergling x4  
  34  3:15  Zergling x4  
  36  3:20  Zergling x8  
  36  3:26  Zergling x4  
  42  3:32  Zergling x4  
  43  3:37  Zergling x2  
  42  3:43  Zergling x2  
  42  3:45  Zergling x2  
  44  3:54  Zergling x8  
  44  3:55  Zergling x2  
  46  3:59  Zergling x2  
  44  4:04  Zergling x4  
  44  4:07  Zergling x2  
  44  4:09  Zergling x2  
  46  4:12  Zergling x2  
  46  4:15  Zergling x2  
  47  4:18  Zergling x2  
  47  4:21  Zergling x2  
  48  4:26  Overlord  
  48  4:30  Zergling x2  
Tags
 
Add a new tag
Caveats
  • Supply blocks, unpowered buildings, or Contaminate may cause inaccurate times.
  • Supply counts are checked every 10 seconds.